 Dungeon Crawl Stone Soup version 0.28-a0-1117-g0bdd5ba030 (webtiles) character file.

Game seed: 11065544372730495321

37 SensoryNuts the Ducker (level 3, 0/27 HPs)
             Began as a Demonspawn Gladiator on Dec 12, 2021.
             Was a Follower of Cheibriados.
             Succumbed to a kobold's poison
             ... on level 2 of the Dungeon.
             The game lasted 00:01:45 (1339 turns).

SensoryNuts the Ducker (Demonspawn Gladiator)       Turns: 1339, Time: 00:01:46

Health: 0/27       AC:  4    Str: 19    XL:     3   Next: 23%
Magic:  3/3        EV: 15    Int: 12    God:    Cheibriados [*.....]
Gold:   44         SH:  0    Dex: 17    Spells: 2/2 levels left

rFire   . . .      SeeInvis .   a - +0 long sword
rCold   . . .      Faith    .   (no shield)
rNeg    . . .      Spirit   .   b - +0 leather armour
rPois   .          Reflect  .   c - +0 helmet
rElec   .          Harm     .   (no cloak)
rCorr   .          Rampage  .   (no gloves)
Will    .....                   (no boots)
Stlth   +.........              (no amulet)
HPRegen 0.09/turn               (no ring)
MPRegen 0.08/turn               (no ring)

@: lethally poisoned (0 -> -10), very slow
A: repulsion field 1
a: Renounce Religion, Bend Time


You were on level 2 of the Dungeon.
You worshipped Cheibriados.
Cheibriados was aware of your devotion.
You visited 1 branch of the dungeon, and saw 2 of its levels.

You collected 44 gold pieces.

Inventory:

Hand Weapons
 a - a +0 long sword (weapon)
Missiles
 d - 3 throwing nets (quivered)
Armour
 b - a +0 leather armour (worn)
 c - a +0 helmet (worn)
Scrolls
 e - a scroll of amnesia {unknown}
 f - a scroll of noise {unknown}
 g - a scroll of torment {unknown}
 h - a scroll of fear {unknown}
 j - a scroll of identify {unknown}
 k - a scroll of enchant armour {unknown}
 l - a scroll of fog {unknown}
Potions
 i - a potion of brilliance {unknown}


   Skills:
 + Level 2.2 Fighting
 + Level 3.2 Long Blades
 + Level 1.9 Throwing
 + Level 0.1 Armour
 + Level 3.2 Dodging


You had 2 spell levels left.
You didn't know any spells.
Your spell library contained the following spells:

 Spells                   Type           Power      Damage    Failure   Level
 Animate Skeleton         Necr           0%         N/A       36%         1


Dungeon Overview and Level Annotations

Branches:
Dungeon (2/15)

Altars:
Cheibriados


Innate Abilities, Weirdness & Mutations

You are surrounded by a mild repulsion field. (EV +2)


Message History

You are poisoned.
The goblin completely misses you.
You hit the goblin.
You kill the goblin!
Cheibriados appreciates the change of pace.
You feel very sick. The kobold misses you.
You barely miss the kobold.
You feel sick.
The kobold hits you with a +1 short sword of venom.
You are lethally poisoned!
You slash the kobold!
You kill the kobold!
Cheibriados appreciates the change of pace.
You feel very sick.
The ball python bites you but does no damage.
The ball python barely misses you. The kobold barely misses you.
The ball python closely misses you. The ball python barely misses you.
You closely miss the kobold.
* * * LOW HITPOINT WARNING * * *
You feel very sick.
The ball python bites you but does no damage.
The ball python grabs you. The ball python constricts you.
The kobold misses you.
You closely miss the kobold.
* * * LOW HITPOINT WARNING * * *
You feel sick. The ball python misses you. The ball python constricts you.
The kobold hits you with a +0 dagger.
* * * LOW HITPOINT WARNING * * *
The ball python closely misses you. The ball python constricts you.
You slash the kobold!
You kill the kobold!
Cheibriados thoroughly appreciates the change of pace.
* * * LOW HITPOINT WARNING * * *
You feel sick. The ball python barely misses you.
The ball python constricts you.
* * * LOW HITPOINT WARNING * * *
You slash the ball python!
You kill the ball python!
Cheibriados appreciates the change of pace.
You die...

###..###
...####<##.#
.#.......
##....##.#
........##
#..#####.#
.........####.##
#.#
.........#....#
#.#
.........#<####
##.#
...........#
###..#
......)..###
#...##
#......@##
#...####
......)†.#
#....†..
.........#
#...####
<........# #...#
.........# #...#
<........# #####
#.......##
##.....##


There were no monsters in sight!

Vanquished Creatures
  A dart slug (D:1)
  A bat (D:2)
  4 endoplasms
  5 goblins
  2 hobgoblins
  3 jackals (D:1)
  4 quokkas
  4 ball pythons
  4 kobolds
  2 rats
30 creatures vanquished.

Notes
Turn   | Place    | Note
-------+----------+-------------------------------------------
     0 | D:1      | SensoryNuts the Demonspawn Gladiator began the quest for
                  | the Orb.
     0 | D:1      | Reached XP level 1. HP: 16/16 MP: 1/1
   233 | D:1      | Gained mutation: You are surrounded by a mild repulsion
                  | field. (EV +2) [demonic ancestry]
   233 | D:1      | Reached XP level 2. HP: 22/22 MP: 2/2
   726 | D:1      | Found a faded altar of an unknown god.
   734 | D:1      | Got Plato's Reference Book on Black Rites
   805 | D:1      | Prayed at the altar of an unknown god.
   805 | D:1      | Became a worshipper of Cheibriados the Contemplative
   805 | D:1      | Reached * piety under Cheibriados
  1155 | D:2      | Reached XP level 3. HP: 27/27 MP: 3/3
  1339 | D:2      | Succumbed to a kobold's poison

Illustrated notes

Levels and vault maps discovered:
D:1:      mrwooster_arrival_statue_2, layout_basic,
          shapermc_ecumenical_altar_rom_forum
D:2:      layout_rooms, minmay_circle_x

Skill      XL: |  1  2 |
---------------+-------+-----
Dodging        | 3 |  3.2
Long Blades    | 3 |  3.2
Fighting       | |  2.2
Throwing       | |  1.9
Armour         | |  0.1

Action                   || total
-------------------------++-------
Melee: Long sword        ||    96
Armor: Leather armour    ||    30
Dodge: Dodged            ||    93

Table legend: (Time is in decaauts)
 A = Elapsed time spent in this place.
 B = Non-inter-level travel time spent in this place.
 C = Inter-level travel time spent in this place.
 D = Time resting spent in this place.
 E = Time spent auto-exploring this place.
 F = Levels seen in this place.
 G = Mean time per level.
                   A        B        C        D        E       F      G
               +--------+--------+--------+--------+--------+-----+--------+
         Total |   1510 |   1510 |      0 |      0 |    969 |   2 |  755.0 |
       Dungeon |   1510 |   1510 |      0 |      0 |    969 |   2 |  755.0 |
               +--------+--------+--------+--------+--------+-----+--------+

Top non-repeatable levels by time:
     D:1: 1257 daAuts
     D:2: 253 daAuts
